Punishers vs Gangsters
Created - May 7, 2020 at 20:07
Goals
|
| Punishers |
0 |
2 |
0 |
2 |
| Gangsters |
1 |
2 |
0 |
3 |
|
Shots
|
| Punishers |
2 |
21 |
12 |
35 |
| Gangsters |
8 |
15 |
6 |
29 |
|
1st period
1. Gangsters , Seth Griffith 31 (Richard Panik 68, Dave Dziurzynski 55) at 15:12
Penalties :
Austen Brassard (Pro) for Goalie Interference (Minor) at 5:02, Miikka Salomaki (Pro) for Tripping (Minor) at 8:15, Slava Voynov (Pro) for Hooking (Minor) at 15:27
2nd period
2. Punishers , Miikka Salomaki 51 (Zack Hamill 66) at 3:18
3. Punishers , Miikka Salomaki 52 (Slava Voynov 56, Zack Hamill 67) at 6:00
4. Gangsters , Stefan Noesen 24 (Jonas Brodin 33, Sebastian Collberg 10) at 9:02
5. Gangsters , Stefan Noesen 25 (Brett Ponich 41) at 15:54
Penalties :
Brett Kulak (Pro) for Hooking (Minor) at 6:55, Devante Smith-Pelly (Bro) for Holding (Minor) at 16:14
3rd period
No Goal
Penalties :
Carter Ashton (Pro) for Slashing (Minor) at 9:38, Dave Dziurzynski (Bro) for Hooking (Minor) at 10:31, Jake Marchment (Bro) for Holding (Minor) at 15:36
Goalie Stats
Louis Domingue (Pro), 26 saves from 29 shots - (0.897), L, 31-28-3, 59:10 minutes
Dustin Tokarski (Bro), 33 saves from 35 shots - (0.943), W, 34-25-5, 60:00 minutes
Players Stats for Punishers
Player Name G A P +/- PIM S H SB GA TA FO MP PP MP PK MP
------------------------------------------------------------------------------------
Alex Schoenborn 0 0 0 0 0 0 0 0 0 0 0/0 2:23 0:00 1:40
Andreas Athanasiou 0 0 0 0 0 2 1 2 0 0 0/0 18:08 2:55 3:28
Anton Blidh 0 0 0 0 0 0 0 0 0 0 0/0 1:05 0:12 0:00
Austen Brassard 0 0 0 -1 2 0 4 1 0 0 0/1 8:41 0:00 0:00
Ben Betker 0 0 0 -1 0 3 2 3 1 0 0/0 27:59 3:28 3:23
Brett Kulak 0 0 0 0 2 0 4 1 1 0 0/0 25:02 1:23 3:13
Carter Ashton 0 0 0 0 2 3 0 0 0 0 0/0 13:54 3:10 0:00
Elias Lindholm 0 0 0 -2 0 1 0 0 0 0 2/2 7:44 0:00 0:03
John Macfarland 0 0 0 -1 0 0 0 0 0 0 0/0 2:13 0:12 0:10
John Quenneville 0 0 0 -1 0 0 0 0 1 0 2/3 8:42 0:00 0:00
Keith Yandle 0 0 0 -1 0 0 0 0 0 0 0/0 7:07 0:00 2:40
Madison Bowey 0 0 0 1 0 1 4 1 0 2 0/0 24:51 1:23 4:08
Michael Joly 0 0 0 -1 0 0 2 0 0 0 0/0 9:55 0:01 0:00
Miikka Salomaki 2 0 2 2 2 10 0 1 0 0 0/0 19:32 1:40 2:02
Nikita Gusev 0 0 0 -1 0 0 0 0 0 0 0/0 8:42 0:00 0:00
Radek Faksa 0 0 0 -1 0 4 1 0 0 0 5/11 16:40 2:55 0:41
Robbie Earl 0 0 0 2 0 4 1 0 0 0 0/2 23:59 1:44 5:06
Slava Voynov 0 1 1 -1 2 5 6 2 2 0 0/0 30:45 3:28 3:36
Tyler Bertuzzi 0 0 0 -1 0 0 2 0 0 0 0/0 8:39 0:00 0:00
Zack Hamill 0 2 2 2 0 2 1 0 1 1 17/35 23:59 1:44 5:06
Players Stats for Gangsters
Player Name G A P +/- PIM S H SB GA TA FO MP PP MP PK MP
------------------------------------------------------------------------------------
Adam Lowry 0 0 0 1 0 0 1 0 0 0 1/4 8:48 0:00 0:00
Brett Ponich 0 1 1 0 0 2 0 1 0 0 0/0 28:33 5:03 2:10
Dave Dziurzynski 0 1 1 1 2 2 4 2 1 0 1/2 21:21 4:43 0:33
David Pope 0 0 0 -1 0 3 2 0 0 1 0/0 16:33 3:58 0:28
Derrick Pouliot 0 0 0 1 0 1 2 0 0 1 0/0 10:41 0:00 0:00
Devante Smith-Pelly 0 0 0 -1 2 2 4 0 0 0 1/1 17:56 3:58 1:43
Jake Marchment 0 0 0 -1 2 0 0 0 0 1 1/3 8:19 0:00 0:00
Jonas Brodin 0 1 1 0 0 0 0 1 0 0 0/0 20:46 3:46 2:41
Kevin Roy 0 0 0 -1 0 0 0 0 0 0 5/13 15:35 3:58 0:08
Matt Delahey 0 0 0 0 0 4 3 3 0 2 0/0 28:33 5:03 2:10
Morgan Ellis 0 0 0 0 0 0 1 4 0 1 0/0 20:46 3:46 2:41
Phillip Danault 0 0 0 2 0 1 0 0 0 0 0/0 11:12 0:13 1:18
Richard Panik 0 1 1 1 0 2 1 1 1 0 5/8 22:42 4:44 2:40
Ryan Culkin 0 0 0 1 0 0 0 1 0 0 0/0 10:41 0:00 0:00
Samuel Blais 0 0 0 -1 0 1 1 0 0 0 0/0 9:33 0:00 1:08
Sebastian Collberg 0 1 1 0 0 3 3 0 0 0 0/0 9:48 0:07 0:00
Seth Griffith 1 0 1 1 0 3 0 0 0 0 13/22 21:34 4:38 0:46
Stefan Noesen 2 0 2 2 0 5 3 1 1 0 1/1 10:39 0:07 0:58
3 Stars
1 - Stefan Noesen (Bro)
2 - Miikka Salomaki (Pro)
3 - Dustin Tokarski (Bro)
Power Play
Punishers - 0 on 3 Attempt(s) - 0.00%
Gangsters - 0 on 5 Attempt(s) - 0.00%
Penalty Kill
Punishers - 5 on 5 Attempt(s) - 100.00%
- Score 0 goal in Penalty Kill
Gangsters - 3 on 3 Attempt(s) - 100.00%
- Score 0 goal in Penalty Kill
Team Stat
Punishers - Hits : 28 - Faceoff Wins : 26 - Blocked Shots : 11 - Penalty Minutes : 10
Gangsters - Hits : 25 - Faceoff Wins : 28 - Blocked Shots : 14 - Penalty Minutes : 6
Official
Referees : Unknown
Linesman : Unknown
Game Notes
Keith Yandle is injured at 17:16 of 1st period (Sprained Left Finger)
Elias Lindholm is injured at 9:05 of 3rd period (Lower Body)
Finance
Level 1 -- Attendance: 1385 (69.25%) -- Ticket Income $55,400
Level 2 -- Attendance: 670 (67.00%) -- Ticket Income $13,400
Total Attendance: 2055 (68.50%)
Total Ticket Income: $68,800
Other Income: $3,440
Total Income: $72,240
Punishers
5 vs 5 Forward
Center Left Wing Right Wing Time % Phy DF OF
1 Zack Hamill Robbie Earl Miikka Salomaki 40 1 2 2
2 Radek Faksa Andreas Athanasiou Carter Ashton 30 1 2 2
3 Elias Lindholm Tyler Bertuzzi Austen Brassard 20 1 2 2
4 John Quenneville Nikita Gusev Michael Joly 10 1 2 2
5 vs 5 Defense
Defense Defense Time % Phy DF OF
1 Slava Voynov Keith Yandle 40 1 2 2
2 Madison Bowey Brett Kulak 30 1 2 2
3 Ben Betker Slava Voynov 20 1 2 2
4 Keith Yandle Madison Bowey 10 1 2 2
PowerPlay Forward
Center Left Wing Right Wing Time % Phy DF OF
1 Zack Hamill Robbie Earl Miikka Salomaki 60 1 2 2
2 Radek Faksa Andreas Athanasiou Carter Ashton 40 1 2 2
PowerPlay Defense
Defense Defense Time % Phy DF OF
1 Slava Voynov Keith Yandle 60 1 2 2
2 Madison Bowey Brett Kulak 40 1 2 2
Penalty Kill 4 Players Forward
Center Wing Time % Phy DF OF
1 Zack Hamill Robbie Earl 60 1 2 2
2 Miikka Salomaki Andreas Athanasiou 40 1 2 2
Penalty Kill 4 Players Defense
Defense Defense Time % Phy DF OF
1 Slava Voynov Keith Yandle 60 1 2 2
2 Madison Bowey Brett Kulak 40 1 2 2
Penalty Kill - 3 Players Forward
Forward Time % Phy DF OF
1 Zack Hamill 60 1 2 2
2 Robbie Earl 40 1 2 2
Penalty Kill - 3 Players Defense
Defense Defense Time % Phy DF OF
1 Slava Voynov Keith Yandle 60 1 2 2
2 Madison Bowey Brett Kulak 40 1 2 2
4 vs 4 Forward
Center Wing Time % Phy DF OF
1 Zack Hamill Robbie Earl 60 1 2 2
2 Miikka Salomaki Andreas Athanasiou 40 1 2 2
4 vs 4 Defense
Defense Defense Time % Phy DF OF
1 Slava Voynov Keith Yandle 60 1 2 2
2 Madison Bowey Brett Kulak 40 1 2 2
Last Minutes Offensive
Center Left Wing Right Wing Defense Defense
Zack Hamill Robbie Earl Miikka Salomaki Slava Voynov Keith Yandle
Last Minutes Defensive
Center Left Wing Right Wing Defense Defense
Zack Hamill Robbie Earl Miikka Salomaki Slava Voynov Keith Yandle
Goaltenders
Starting : Louis Domingue
Backup : Daniel Altshuller
Extra Forwards
Normal : John Macfarland, Anton Blidh, Alex Schoenborn - PP : John Macfarland, Anton Blidh - PK : Alex Schoenborn
Extra Defensemen
Normal : Ben Betker, Brett Kulak, Slava Voynov - PP : Ben Betker - PK : Brett Kulak, Slava Voynov
Penalty Shots
Zack Hamill, Robbie Earl, Miikka Salomaki, Andreas Athanasiou, Carter Ashton
Scratches
Daniel Audette (Healthy), Ivan Nalimov (Healthy)
Gangsters
5 vs 5 Forward
Center Left Wing Right Wing Time % Phy DF OF
1 Seth Griffith Dave Dziurzynski Richard Panik 40 1 2 2
2 Kevin Roy David Pope Devante Smith-Pelly 30 1 2 2
3 Adam Lowry Phillip Danault Stefan Noesen 20 1 2 2
4 Jake Marchment Samuel Blais Sebastian Collberg 10 1 2 2
5 vs 5 Defense
Defense Defense Time % Phy DF OF
1 Matt Delahey Brett Ponich 40 1 2 2
2 Morgan Ellis Jonas Brodin 30 1 2 2
3 Derrick Pouliot Ryan Culkin 20 1 2 2
4 Matt Delahey Brett Ponich 10 1 2 2
PowerPlay Forward
Center Left Wing Right Wing Time % Phy DF OF
1 Seth Griffith Dave Dziurzynski Richard Panik 60 1 2 2
2 Kevin Roy David Pope Devante Smith-Pelly 40 1 2 2
PowerPlay Defense
Defense Defense Time % Phy DF OF
1 Matt Delahey Brett Ponich 60 1 2 2
2 Morgan Ellis Jonas Brodin 40 1 2 2
Penalty Kill 4 Players Forward
Center Wing Time % Phy DF OF
1 Richard Panik Devante Smith-Pelly 60 1 2 2
2 Dave Dziurzynski Stefan Noesen 40 1 2 2
Penalty Kill 4 Players Defense
Defense Defense Time % Phy DF OF
1 Matt Delahey Brett Ponich 60 1 2 2
2 Morgan Ellis Jonas Brodin 40 1 2 2
Penalty Kill - 3 Players Forward
Forward Time % Phy DF OF
1 Richard Panik 60 1 2 2
2 Devante Smith-Pelly 40 1 2 2
Penalty Kill - 3 Players Defense
Defense Defense Time % Phy DF OF
1 Matt Delahey Brett Ponich 60 1 2 2
2 Morgan Ellis Jonas Brodin 40 1 2 2
4 vs 4 Forward
Center Wing Time % Phy DF OF
1 Richard Panik Devante Smith-Pelly 60 1 2 2
2 Dave Dziurzynski Stefan Noesen 40 1 2 2
4 vs 4 Defense
Defense Defense Time % Phy DF OF
1 Matt Delahey Brett Ponich 60 1 2 2
2 Morgan Ellis Jonas Brodin 40 1 2 2
Last Minutes Offensive
Center Left Wing Right Wing Defense Defense
Seth Griffith Dave Dziurzynski Richard Panik Matt Delahey Brett Ponich
Last Minutes Defensive
Center Left Wing Right Wing Defense Defense
Seth Griffith Dave Dziurzynski Richard Panik Matt Delahey Brett Ponich
Goaltenders
Starting : Dustin Tokarski
Backup : Jordan Binnington
Extra Forwards
Normal : Phillip Danault, Sebastian Collberg, Samuel Blais - PP : Phillip Danault, Sebastian Collberg - PK : Samuel Blais
Extra Defensemen
Normal : Derrick Pouliot, Ryan Culkin, Morgan Ellis - PP : Derrick Pouliot - PK : Ryan Culkin, Morgan Ellis
Penalty Shots
Richard Panik, Devante Smith-Pelly, Dave Dziurzynski, Stefan Noesen, Seth Griffith
Scratches
Jordan Subban (Healthy), Steven Santini (Healthy), Joshua Jacobs (Healthy), Jacob Middleton (Healthy), Julius Vahatalo (Healthy)
Connor Chatam (Healthy), Hugo Fagerblom (Healthy)
% Time on Ice - Punishers
Lines # - Real PCT - Wanted PCT - Time Play
Normal Forward
1 - 35% - 40% - 15:35
2 - 25% - 30% - 11:08
3 - 20% - 20% - 8:39
4 - 20% - 10% - 8:42
Normal Defense
1 - 42% - 40% - 18:19
2 - 30% - 30% - 13:03
3 - 14% - 20% - 6:22
4 - 14% - 10% - 6:20
PP Forward
1 - 40% - 60% - 1:56
2 - 60% - 40% - 2:55
PP Defense
1 - 74% - 60% - 3:35
2 - 26% - 40% - 1:16
PK Forward
1 - 67% - 60% - 5:56
2 - 33% - 40% - 2:53
PK Defense
1 - 63% - 60% - 5:35
2 - 37% - 40% - 3:14
PK3 Forward
1 - 0% - 60%
2 - 0% - 40%
PK3 Defense
1 - 0% - 60%
2 - 0% - 40%
44 Forward
1 - 100% - 60% - 1:06
2 - 0% - 40% - 0:00
44 Defense
1 - 83% - 60% - 0:55
2 - 17% - 40% - 0:11
Last Minute Offensive - 1:10
Last Minute Defensive - 0:00
Total
Forward - 60:00
Defense - 60:00
|
% Time on Ice - Gangsters
Lines # - Real PCT - Wanted PCT - Time Play
Normal Forward
1 - 34% - 40% - 15:03
2 - 27% - 30% - 12:02
3 - 20% - 20% - 8:48
4 - 18% - 10% - 8:06
Normal Defense
1 - 41% - 40% - 17:56
2 - 33% - 30% - 14:19
3 - 24% - 20% - 10:41
4 - 2% - 10% - 1:03
PP Forward
1 - 55% - 60% - 4:51
2 - 45% - 40% - 3:58
PP Defense
1 - 57% - 60% - 5:03
2 - 43% - 40% - 3:46
PK Forward
1 - 80% - 60% - 3:53
2 - 20% - 40% - 0:58
PK Defense
1 - 45% - 60% - 2:10
2 - 55% - 40% - 2:41
PK3 Forward
1 - 0% - 60%
2 - 0% - 40%
PK3 Defense
1 - 0% - 60%
2 - 0% - 40%
44 Forward
1 - 92% - 60% - 1:01
2 - 8% - 40% - 0:05
44 Defense
1 - 100% - 60% - 1:06
2 - 0% - 40% - 0:00
Last Minute Offensive - 0:00
Last Minute Defensive - 1:15
Total
Forward - 60:00
Defense - 60:00
|
Play-by-Play
1st period
0:01 of 1st period - Seth Griffith wins face-off versus Zack Hamill in neutral zone.
0:48 of 1st period - Slapshot by Kevin Roy.
0:48 of 1st period - Shot Misses the Net.
0:50 of 1st period - Wrist shot by Stefan Noesen.
0:50 of 1st period - Deflect By Phillip Danault.
0:50 of 1st period - Shot Misses the Net.
0:50 of 1st period - Puck is out of play.
0:51 of 1st period - Adam Lowry wins face-off versus John Quenneville in Punishers zone.
2:00 of 1st period - Slapshot by Brett Ponich.
2:00 of 1st period - Stopped by Louis Domingue with a rebound.
2:02 of 1st period - Slapshot by Sebastian Collberg.
2:02 of 1st period - Stopped by Louis Domingue with a rebound.
2:04 of 1st period - Snap shot by Matt Delahey.
2:04 of 1st period - Deflect By Slava Voynov.
2:04 of 1st period - Stopped by Louis Domingue with a rebound.
2:24 of 1st period - Wrist shot by Stefan Noesen.
2:24 of 1st period - Shot Blocked by Ben Betker.
4:56 of 1st period - Snap shot by Seth Griffith.
4:56 of 1st period - Shot Blocked by Ben Betker.
5:02 of 1st period - Minor Penalty to Austen Brassard for Goalie Interference.
5:03 of 1st period - Seth Griffith wins face-off versus Zack Hamill in Punishers zone.
5:18 of 1st period - Snap shot by Dave Dziurzynski.
5:18 of 1st period - Stopped by Louis Domingue with a rebound.
5:58 of 1st period - Slava Voynov is hit by Matt Delahey and loses puck.
6:27 of 1st period - Andreas Athanasiou is hit by Devante Smith-Pelly and loses puck.
7:02 of 1st period - Penalty to Austen Brassard is over, Austen Brassard is back on ice.
7:04 of 1st period - Slapshot by Austen Brassard.
7:04 of 1st period - Deflect By Miikka Salomaki.
7:04 of 1st period - Stopped by Dustin Tokarski without a rebound.
7:05 of 1st period - Jake Marchment wins face-off versus Austen Brassard in Gangsters zone.
7:05 of 1st period - Jake Marchment is hit by Austen Brassard.
7:15 of 1st period - Backhand shot by Sebastian Collberg.
7:15 of 1st period - Stopped by Louis Domingue without a rebound.
7:16 of 1st period - Stefan Noesen wins face-off versus Radek Faksa in Punishers zone.
7:17 of 1st period - Snap shot by Phillip Danault.
7:17 of 1st period - Shot Misses the Net.
7:49 of 1st period - Off-side.
7:50 of 1st period - Zack Hamill wins face-off versus Seth Griffith in neutral zone.
8:03 of 1st period - Wrist shot by Robbie Earl.
8:03 of 1st period - Shot Blocked by Matt Delahey.
8:15 of 1st period - Minor Penalty to Miikka Salomaki for Tripping.
8:16 of 1st period - Zack Hamill wins face-off versus Seth Griffith in Punishers zone.
9:29 of 1st period - Icing by Dave Dziurzynski.
9:30 of 1st period - Seth Griffith wins face-off versus Zack Hamill in Gangsters zone.
10:05 of 1st period - David Pope is hit by Robbie Earl and loses puck.
10:15 of 1st period - Penalty to Miikka Salomaki is over, Miikka Salomaki is back on ice.
10:57 of 1st period - Jake Marchment is hit by Madison Bowey and loses puck.
11:30 of 1st period - Icing by Carter Ashton.
11:31 of 1st period - Zack Hamill wins face-off versus Adam Lowry in Punishers zone.
12:02 of 1st period - Keith Yandle is hit by Morgan Ellis and loses puck.
13:18 of 1st period - Off-side.
13:19 of 1st period - Elias Lindholm wins face-off versus Adam Lowry in neutral zone.
13:22 of 1st period - Matt Delahey is hit by Slava Voynov.
13:34 of 1st period - Snap shot by Stefan Noesen.
13:34 of 1st period - Shot Blocked by Ben Betker.
14:11 of 1st period - Slapshot by David Pope.
14:11 of 1st period - Stopped by Louis Domingue with a rebound.
14:50 of 1st period - Slapshot by Jonas Brodin.
14:50 of 1st period - Shot Blocked by Madison Bowey.
15:06 of 1st period - Dave Dziurzynski is hit by Austen Brassard.
15:12 of 1st period - Snap shot by Seth Griffith.
15:12 of 1st period - Goal by Seth Griffith - Punishers : 0 - Gangsters : 1.
15:13 of 1st period - Seth Griffith wins face-off versus Zack Hamill in neutral zone.
15:27 of 1st period - Minor Penalty to Slava Voynov for Hooking.
15:28 of 1st period - Zack Hamill wins face-off versus Seth Griffith in Punishers zone.
15:36 of 1st period - Wrist shot by Richard Panik.
15:36 of 1st period - Shot Misses the Net.
15:38 of 1st period - Snap shot by Seth Griffith.
15:38 of 1st period - Stopped by Louis Domingue with a rebound.
15:54 of 1st period - Matt Delahey is hit by Brett Kulak and loses puck.
16:18 of 1st period - Icing by Morgan Ellis.
16:19 of 1st period - Seth Griffith wins face-off versus Zack Hamill in Gangsters zone.
16:40 of 1st period - Slapshot by Brett Ponich.
16:40 of 1st period - Shot Misses the Net.
16:54 of 1st period - Andreas Athanasiou is hit by Matt Delahey and loses puck.
17:15 of 1st period - Keith Yandle is hit by Devante Smith-Pelly and loses puck.
17:16 of 1st period - Keith Yandle from Punishers is injured at 17:16 of 1st period (Sprained Left Finger).
17:17 of 1st period - Seth Griffith wins face-off versus Zack Hamill in Punishers zone.
17:24 of 1st period - Zack Hamill is hit by Dave Dziurzynski and loses puck.
17:27 of 1st period - Penalty to Slava Voynov is over, Slava Voynov is back on ice.
18:11 of 1st period - Snap shot by Zack Hamill.
18:11 of 1st period - Shot Misses the Net.
18:13 of 1st period - Snap shot by Zack Hamill.
18:13 of 1st period - Stopped by Dustin Tokarski without a rebound.
18:14 of 1st period - Radek Faksa wins face-off versus Seth Griffith in Gangsters zone.
18:15 of 1st period - Snap shot by Andreas Athanasiou.
18:15 of 1st period - Shot Blocked by Dave Dziurzynski.
18:21 of 1st period - Brett Ponich is hit by Andreas Athanasiou.
18:39 of 1st period - Matt Delahey is hit by Tyler Bertuzzi and loses puck.
19:02 of 1st period - Matt Delahey is hit by Michael Joly and loses puck.
19:49 of 1st period - Madison Bowey is hit by Richard Panik.
Goals for this period are 0 for Punishers vs 1 for Gangsters.
Shots for this period are 2 for Punishers vs 8 for Gangsters.
2nd period
0:01 of 2nd period - Seth Griffith wins face-off versus Robbie Earl in neutral zone.
0:10 of 2nd period - Snap shot by Richard Panik.
0:10 of 2nd period - Stopped by Louis Domingue with a rebound.
0:14 of 2nd period - Snap shot by Dave Dziurzynski.
0:14 of 2nd period - Stopped by Louis Domingue with a rebound.
0:16 of 2nd period - Snap shot by Seth Griffith.
0:16 of 2nd period - Stopped by Louis Domingue with a rebound.
0:35 of 2nd period - Wrist shot by Devante Smith-Pelly.
0:35 of 2nd period - Stopped by Louis Domingue with a rebound.
0:54 of 2nd period - Snap shot by Tyler Bertuzzi.
0:54 of 2nd period - Shot Misses the Net.
0:56 of 2nd period - Slapshot by Slava Voynov.
0:56 of 2nd period - Stopped by Dustin Tokarski with a rebound.
1:10 of 2nd period - Jonas Brodin is hit by Madison Bowey.
1:29 of 2nd period - Derrick Pouliot is hit by Madison Bowey and loses puck.
2:19 of 2nd period - Andreas Athanasiou is hit by Sebastian Collberg and loses puck.
2:26 of 2nd period - Samuel Blais is hit by Radek Faksa and loses puck.
2:43 of 2nd period - Carter Ashton is hit by Sebastian Collberg and loses puck.
2:50 of 2nd period - Samuel Blais is hit by Ben Betker and loses puck.
2:55 of 2nd period - Backhand shot by Carter Ashton.
2:55 of 2nd period - Stopped by Dustin Tokarski with a rebound.
2:57 of 2nd period - Wrist shot by Carter Ashton.
2:57 of 2nd period - Deflect By Andreas Athanasiou.
2:57 of 2nd period - Stopped by Dustin Tokarski without a rebound.
2:58 of 2nd period - Seth Griffith wins face-off versus Zack Hamill in Gangsters zone.
2:58 of 2nd period - Seth Griffith is hit by Brett Kulak.
3:12 of 2nd period - Wrist shot by Miikka Salomaki.
3:12 of 2nd period - Stopped by Dustin Tokarski without a rebound.
3:13 of 2nd period - Zack Hamill wins face-off versus Kevin Roy in Gangsters zone.
3:18 of 2nd period - Wrist shot by Miikka Salomaki.
3:18 of 2nd period - Goal by Miikka Salomaki - Punishers : 1 - Gangsters : 1.
3:19 of 2nd period - Zack Hamill wins face-off versus Richard Panik in neutral zone.
3:53 of 2nd period - Backhand shot by Stefan Noesen.
3:53 of 2nd period - Shot Blocked by Miikka Salomaki.
3:55 of 2nd period - Snap shot by Matt Delahey.
3:55 of 2nd period - Stopped by Louis Domingue without a rebound.
3:56 of 2nd period - Radek Faksa wins face-off versus Seth Griffith in Punishers zone.
4:01 of 2nd period - Slapshot by Radek Faksa.
4:01 of 2nd period - Stopped by Dustin Tokarski with a rebound.
4:03 of 2nd period - Wrist shot by Andreas Athanasiou.
4:03 of 2nd period - Stopped by Dustin Tokarski with a rebound.
4:05 of 2nd period - Backhand shot by Radek Faksa.
4:05 of 2nd period - Stopped by Dustin Tokarski without a rebound.
4:06 of 2nd period - Seth Griffith wins face-off versus Radek Faksa in Gangsters zone.
4:13 of 2nd period - Slapshot by Carter Ashton.
4:13 of 2nd period - Shot Misses the Net.
4:15 of 2nd period - Slapshot by Ben Betker.
4:15 of 2nd period - Shot Blocked by Morgan Ellis.
4:38 of 2nd period - Wrist shot by Slava Voynov.
4:38 of 2nd period - Stopped by Dustin Tokarski without a rebound.
4:39 of 2nd period - Zack Hamill wins face-off versus Kevin Roy in Gangsters zone.
4:46 of 2nd period - Slapshot by Devante Smith-Pelly.
4:46 of 2nd period - Shot Misses the Net.
4:48 of 2nd period - Snap shot by David Pope.
4:48 of 2nd period - Shot Misses the Net.
4:50 of 2nd period - Slapshot by Brett Ponich.
4:50 of 2nd period - Shot Misses the Net.
4:52 of 2nd period - Slapshot by Brett Ponich.
4:52 of 2nd period - Shot Blocked by Brett Kulak.
4:54 of 2nd period - Snap shot by Devante Smith-Pelly.
4:54 of 2nd period - Shot Hit the Post.
5:04 of 2nd period - Stefan Noesen is hit by Brett Kulak and loses puck.
5:15 of 2nd period - Snap shot by Elias Lindholm.
5:15 of 2nd period - Stopped by Dustin Tokarski with a rebound.
5:17 of 2nd period - Wrist shot by Tyler Bertuzzi.
5:17 of 2nd period - Shot Blocked by Stefan Noesen.
5:45 of 2nd period - Slapshot by Jonas Brodin.
5:45 of 2nd period - Shot Blocked by Slava Voynov.
5:47 of 2nd period - Wrist shot by Jake Marchment.
5:47 of 2nd period - Shot Misses the Net.
5:49 of 2nd period - Wrist shot by Sebastian Collberg.
5:49 of 2nd period - Stopped by Louis Domingue with a rebound.
5:51 of 2nd period - Slapshot by Brett Ponich.
5:51 of 2nd period - Deflect By Jake Marchment.
5:51 of 2nd period - Shot Misses the Net.
5:51 of 2nd period - Puck is out of play.
5:52 of 2nd period - Zack Hamill wins face-off versus Jake Marchment in Punishers zone.
5:58 of 2nd period - Wrist shot by Miikka Salomaki.
5:58 of 2nd period - Shot Misses the Net.
6:00 of 2nd period - Wrist shot by Miikka Salomaki.
6:00 of 2nd period - Goal by Miikka Salomaki - Punishers : 2 - Gangsters : 1.
6:01 of 2nd period - Zack Hamill wins face-off versus Kevin Roy in neutral zone.
6:06 of 2nd period - Wrist shot by Miikka Salomaki.
6:06 of 2nd period - Stopped by Dustin Tokarski with a rebound.
6:08 of 2nd period - Snap shot by Slava Voynov.
6:08 of 2nd period - Stopped by Dustin Tokarski with a rebound.
6:26 of 2nd period - Andreas Athanasiou is hit by Dave Dziurzynski and loses puck.
6:47 of 2nd period - Snap shot by Stefan Noesen.
6:47 of 2nd period - Stopped by Louis Domingue with a rebound.
6:53 of 2nd period - Wrist shot by Stefan Noesen.
6:53 of 2nd period - Stopped by Louis Domingue with a rebound.
6:55 of 2nd period - Minor Penalty to Brett Kulak for Hooking.
6:56 of 2nd period - Zack Hamill wins face-off versus Seth Griffith in Punishers zone.
8:55 of 2nd period - Penalty to Brett Kulak is over, Brett Kulak is back on ice.
9:02 of 2nd period - Snap shot by Stefan Noesen.
9:02 of 2nd period - Goal by Stefan Noesen - Punishers : 2 - Gangsters : 2.
9:03 of 2nd period - Kevin Roy wins face-off versus Zack Hamill in neutral zone.
9:29 of 2nd period - Carter Ashton is hit by Adam Lowry and loses puck.
9:39 of 2nd period - Icing by Carter Ashton.
9:40 of 2nd period - Seth Griffith wins face-off versus Radek Faksa in Punishers zone.
10:09 of 2nd period - Snap shot by Miikka Salomaki.
10:09 of 2nd period - Stopped by Dustin Tokarski without a rebound.
10:10 of 2nd period - Kevin Roy wins face-off versus Zack Hamill in Gangsters zone.
10:37 of 2nd period - Andreas Athanasiou is hit by Dave Dziurzynski.
10:45 of 2nd period - Wrist shot by Carter Ashton.
10:45 of 2nd period - Stopped by Dustin Tokarski with a rebound.
10:47 of 2nd period - Wrist shot by Radek Faksa.
10:47 of 2nd period - Stopped by Dustin Tokarski without a rebound.
10:48 of 2nd period - Elias Lindholm wins face-off versus Kevin Roy in Gangsters zone.
12:00 of 2nd period - Slapshot by Matt Delahey.
12:00 of 2nd period - Stopped by Louis Domingue without a rebound.
12:01 of 2nd period - John Quenneville wins face-off versus Seth Griffith in Punishers zone.
12:20 of 2nd period - Slapshot by John Quenneville.
12:20 of 2nd period - Shot Misses the Net.
12:22 of 2nd period - Slapshot by Michael Joly.
12:22 of 2nd period - Shot Misses the Net.
12:24 of 2nd period - Snap shot by Slava Voynov.
12:24 of 2nd period - Shot Blocked by Matt Delahey.
12:26 of 2nd period - Slapshot by Michael Joly.
12:26 of 2nd period - Shot Blocked by Dave Dziurzynski.
12:28 of 2nd period - Snap shot by Ben Betker.
12:28 of 2nd period - Stopped by Dustin Tokarski without a rebound.
12:29 of 2nd period - Zack Hamill wins face-off versus Kevin Roy in Gangsters zone.
12:30 of 2nd period - Snap shot by Robbie Earl.
12:30 of 2nd period - Deflect By Devante Smith-Pelly.
12:30 of 2nd period - Shot Blocked by Ryan Culkin.
12:30 of 2nd period - Puck is out of play.
12:31 of 2nd period - Devante Smith-Pelly wins face-off versus Robbie Earl in Gangsters zone.
12:39 of 2nd period - Off-side.
12:40 of 2nd period - Richard Panik wins face-off versus Zack Hamill in neutral zone.
12:50 of 2nd period - Off-side.
12:51 of 2nd period - Zack Hamill wins face-off versus Kevin Roy in neutral zone.
13:04 of 2nd period - Wrist shot by David Pope.
13:04 of 2nd period - Stopped by Louis Domingue with a rebound.
13:06 of 2nd period - Wrist shot by Matt Delahey.
13:06 of 2nd period - Stopped by Louis Domingue with a rebound.
13:36 of 2nd period - Wrist shot by Phillip Danault.
13:36 of 2nd period - Stopped by Louis Domingue with a rebound.
14:27 of 2nd period - Icing by Slava Voynov.
14:28 of 2nd period - Seth Griffith wins face-off versus Zack Hamill in Punishers zone.
15:19 of 2nd period - Slapshot by Robbie Earl.
15:19 of 2nd period - Stopped by Dustin Tokarski with a rebound.
15:21 of 2nd period - Snap shot by Zack Hamill.
15:21 of 2nd period - Stopped by Dustin Tokarski with a rebound.
15:23 of 2nd period - Snap shot by Slava Voynov.
15:23 of 2nd period - Stopped by Dustin Tokarski without a rebound.
15:24 of 2nd period - Radek Faksa wins face-off versus Kevin Roy in Gangsters zone.
15:54 of 2nd period - Wrist shot by Stefan Noesen.
15:54 of 2nd period - Goal by Stefan Noesen - Punishers : 2 - Gangsters : 3.
15:55 of 2nd period - Kevin Roy wins face-off versus Radek Faksa in neutral zone.
16:03 of 2nd period - Wrist shot by Devante Smith-Pelly.
16:03 of 2nd period - Shot Blocked by Andreas Athanasiou.
16:14 of 2nd period - Minor Penalty to Devante Smith-Pelly for Holding.
16:15 of 2nd period - Richard Panik wins face-off versus Zack Hamill in Gangsters zone.
16:23 of 2nd period - Slapshot by Miikka Salomaki.
16:23 of 2nd period - Stopped by Dustin Tokarski with a rebound.
16:29 of 2nd period - Snap shot by Zack Hamill.
16:29 of 2nd period - Shot Misses the Net.
16:31 of 2nd period - Wrist shot by Robbie Earl.
16:31 of 2nd period - Shot Misses the Net.
16:47 of 2nd period - Matt Delahey is hit by Slava Voynov and loses puck.
17:36 of 2nd period - Zack Hamill is hit by Matt Delahey and loses puck.
18:14 of 2nd period - Penalty to Devante Smith-Pelly is over, Devante Smith-Pelly is back on ice.
18:23 of 2nd period - Derrick Pouliot is hit by Brett Kulak.
18:36 of 2nd period - Seth Griffith is hit by Tyler Bertuzzi.
18:40 of 2nd period - Devante Smith-Pelly is hit by Austen Brassard and loses puck.
18:59 of 2nd period - Snap shot by Samuel Blais.
18:59 of 2nd period - Stopped by Louis Domingue without a rebound.
19:00 of 2nd period - John Quenneville wins face-off versus Jake Marchment in Punishers zone.
19:05 of 2nd period - Samuel Blais is hit by Slava Voynov.
19:25 of 2nd period - Nikita Gusev is hit by Stefan Noesen and loses puck.
Goals for this period are 2 for Punishers vs 2 for Gangsters.
Shots for this period are 21 for Punishers vs 15 for Gangsters.
3rd period
0:01 of 3rd period - Zack Hamill wins face-off versus Seth Griffith in neutral zone.
0:52 of 3rd period - Slapshot by Stefan Noesen.
0:52 of 3rd period - Shot Misses the Net.
0:54 of 3rd period - Snap shot by Derrick Pouliot.
0:54 of 3rd period - Deflect By Tyler Bertuzzi.
0:54 of 3rd period - Stopped by Louis Domingue without a rebound.
0:55 of 3rd period - Zack Hamill wins face-off versus Dave Dziurzynski in Punishers zone.
1:10 of 3rd period - Backhand shot by Zack Hamill.
1:10 of 3rd period - Deflect By Miikka Salomaki.
1:10 of 3rd period - Deflect By Richard Panik.
1:10 of 3rd period - Stopped by Dustin Tokarski without a rebound.
1:11 of 3rd period - Kevin Roy wins face-off versus Radek Faksa in Gangsters zone.
1:18 of 3rd period - Slapshot by Brett Ponich.
1:18 of 3rd period - Deflect By Devante Smith-Pelly.
1:18 of 3rd period - Shot Misses the Net.
1:18 of 3rd period - Puck is out of play.
1:19 of 3rd period - Radek Faksa wins face-off versus Kevin Roy in Punishers zone.
1:28 of 3rd period - Slapshot by Ben Betker.
1:28 of 3rd period - Shot Blocked by Brett Ponich.
3:05 of 3rd period - Slapshot by Richard Panik.
3:05 of 3rd period - Stopped by Louis Domingue without a rebound.
3:06 of 3rd period - Kevin Roy wins face-off versus Zack Hamill in Punishers zone.
3:13 of 3rd period - Snap shot by Devante Smith-Pelly.
3:13 of 3rd period - Stopped by Louis Domingue with a rebound.
3:20 of 3rd period - Jonas Brodin is hit by Ben Betker and loses puck.
3:33 of 3rd period - Adam Lowry is hit by Austen Brassard and loses puck.
4:25 of 3rd period - Miikka Salomaki is hit by Devante Smith-Pelly.
4:29 of 3rd period - David Pope is hit by Zack Hamill and loses puck.
5:00 of 3rd period - Brett Kulak is hit by Samuel Blais and loses puck.
5:26 of 3rd period - Phillip Danault is hit by Slava Voynov and loses puck.
5:35 of 3rd period - Adam Lowry is hit by Slava Voynov and loses puck.
6:36 of 3rd period - Miikka Salomaki is hit by David Pope and loses puck.
7:35 of 3rd period - Jake Marchment is hit by Michael Joly.
8:41 of 3rd period - Wrist shot by Stefan Noesen.
8:41 of 3rd period - Stopped by Louis Domingue with a rebound.
9:04 of 3rd period - Elias Lindholm is hit by Dave Dziurzynski and loses puck.
9:05 of 3rd period - Elias Lindholm from Punishers is injured at 9:05 of 3rd period (Lower Body).
9:06 of 3rd period - Seth Griffith wins face-off versus Zack Hamill in Punishers zone.
9:35 of 3rd period - Wrist shot by Miikka Salomaki.
9:35 of 3rd period - Shot Blocked by Morgan Ellis.
9:37 of 3rd period - Snap shot by Robbie Earl.
9:37 of 3rd period - Stopped by Dustin Tokarski without a rebound.
9:38 of 3rd period - Radek Faksa wins face-off versus Adam Lowry in Gangsters zone.
9:38 of 3rd period - Minor Penalty to Carter Ashton for Slashing.
9:39 of 3rd period - Seth Griffith wins face-off versus Zack Hamill in Punishers zone.
10:16 of 3rd period - Slapshot by Devante Smith-Pelly.
10:16 of 3rd period - Shot Misses the Net.
10:22 of 3rd period - Morgan Ellis is hit by Slava Voynov and loses puck.
10:31 of 3rd period - Minor Penalty to Dave Dziurzynski for Hooking.
10:32 of 3rd period - Richard Panik wins face-off versus Zack Hamill in Gangsters zone.
10:37 of 3rd period - Snap shot by Robbie Earl.
10:37 of 3rd period - Stopped by Dustin Tokarski with a rebound.
10:39 of 3rd period - Slapshot by Slava Voynov.
10:39 of 3rd period - Deflect By Robbie Earl.
10:39 of 3rd period - Stopped by Dustin Tokarski with a rebound.
10:45 of 3rd period - Snap shot by Robbie Earl.
10:45 of 3rd period - Shot Blocked by Richard Panik.
10:47 of 3rd period - Slapshot by Slava Voynov.
10:47 of 3rd period - Stopped by Dustin Tokarski without a rebound.
10:48 of 3rd period - Zack Hamill wins face-off versus Richard Panik in Gangsters zone.
10:58 of 3rd period - Off-side.
10:59 of 3rd period - Richard Panik wins face-off versus Zack Hamill in neutral zone.
11:02 of 3rd period - Slava Voynov is hit by Devante Smith-Pelly and loses puck.
11:38 of 3rd period - Penalty to Carter Ashton is over, Carter Ashton is back on ice.
11:40 of 3rd period - Carter Ashton is hit by Stefan Noesen.
12:00 of 3rd period - Snap shot by Madison Bowey.
12:00 of 3rd period - Shot Blocked by Jonas Brodin.
12:02 of 3rd period - Slapshot by Brett Kulak.
12:02 of 3rd period - Shot Misses the Net.
12:04 of 3rd period - Slapshot by Madison Bowey.
12:04 of 3rd period - Stopped by Dustin Tokarski with a rebound.
12:31 of 3rd period - Penalty to Dave Dziurzynski is over, Dave Dziurzynski is back on ice.
12:53 of 3rd period - Slapshot by Ryan Culkin.
12:53 of 3rd period - Shot Blocked by Austen Brassard.
13:35 of 3rd period - Snap shot by David Pope.
13:35 of 3rd period - Stopped by Louis Domingue with a rebound.
13:37 of 3rd period - Slapshot by Brett Ponich.
13:37 of 3rd period - Stopped by Louis Domingue with a rebound.
13:39 of 3rd period - Snap shot by David Pope.
13:39 of 3rd period - Deflect By Nikita Gusev.
13:39 of 3rd period - Shot Blocked by Slava Voynov.
13:39 of 3rd period - Puck is out of play.
13:40 of 3rd period - Zack Hamill wins face-off versus Seth Griffith in Punishers zone.
14:05 of 3rd period - Adam Lowry is hit by Madison Bowey and loses puck.
14:38 of 3rd period - Slava Voynov is hit by Derrick Pouliot and loses puck.
14:49 of 3rd period - Nikita Gusev is hit by Derrick Pouliot and loses puck.
15:22 of 3rd period - Brett Kulak is hit by David Pope and loses puck.
15:36 of 3rd period - Minor Penalty to Jake Marchment for Holding.
15:37 of 3rd period - Zack Hamill wins face-off versus Richard Panik in Gangsters zone.
15:51 of 3rd period - Wrist shot by Zack Hamill.
15:51 of 3rd period - Shot Misses the Net.
15:53 of 3rd period - Wrist shot by Robbie Earl.
15:53 of 3rd period - Shot Misses the Net.
16:15 of 3rd period - Wrist shot by Stefan Noesen.
16:15 of 3rd period - Shot Blocked by Andreas Athanasiou.
16:27 of 3rd period - Radek Faksa is hit by Stefan Noesen.
16:28 of 3rd period - Icing by Radek Faksa.
16:29 of 3rd period - Richard Panik wins face-off versus Radek Faksa in Punishers zone.
16:52 of 3rd period - Wrist shot by Radek Faksa.
16:52 of 3rd period - Shot Misses the Net.
16:54 of 3rd period - Snap shot by Carter Ashton.
16:54 of 3rd period - Shot Blocked by Morgan Ellis.
16:56 of 3rd period - Slapshot by Ben Betker.
16:56 of 3rd period - Stopped by Dustin Tokarski with a rebound.
17:14 of 3rd period - Slapshot by Slava Voynov.
17:14 of 3rd period - Shot Blocked by Morgan Ellis.
17:16 of 3rd period - Wrist shot by Ben Betker.
17:16 of 3rd period - Stopped by Dustin Tokarski with a rebound.
17:24 of 3rd period - Slapshot by Radek Faksa.
17:24 of 3rd period - Stopped by Dustin Tokarski with a rebound.
17:26 of 3rd period - Slapshot by Ben Betker.
17:26 of 3rd period - Shot Misses the Net.
17:28 of 3rd period - Slapshot by Carter Ashton.
17:28 of 3rd period - Stopped by Dustin Tokarski without a rebound.
17:29 of 3rd period - Dave Dziurzynski wins face-off versus Zack Hamill in Gangsters zone.
17:36 of 3rd period - Penalty to Jake Marchment is over, Jake Marchment is back on ice.
18:06 of 3rd period - Snap shot by David Pope.
18:06 of 3rd period - Shot Misses the Net.
18:48 of 3rd period - Michael Joly is hit by Sebastian Collberg.
19:02 of 3rd period - Snap shot by Dave Dziurzynski.
19:02 of 3rd period - Shot Misses the Net.
19:10 of 3rd period - Punishers, Louis Domingue is pulled from the net.
19:14 of 3rd period - Slapshot by Miikka Salomaki.
19:14 of 3rd period - Stopped by Dustin Tokarski with a rebound.
19:30 of 3rd period - Snap shot by Zack Hamill.
19:30 of 3rd period - Shot Blocked by Matt Delahey.
19:32 of 3rd period - Wrist shot by Miikka Salomaki.
19:32 of 3rd period - Stopped by Dustin Tokarski with a rebound.
Goals for this period are 0 for Punishers vs 0 for Gangsters.
Shots for this period are 12 for Punishers vs 6 for Gangsters.
Back to the Top